BSA
NASSAU ROCKETS @ NIAGARA FALLS FRENZY
06/23/2026
 
TOP OF THE 1ST
Nassau Rockets batting - Pitching for Niagara Falls Frenzy : RHP Étienne Garcia
Pitching: RHP Étienne Garcia
Batting: LHB Doug Thompson 0-0: Ball
1-0: Ball
2-0: Ball
3-0: Called Strike
3-1: Reached on error, E5 (Groundball, 56)
Batting: SHB Howard Parker 0-0: DOUBLE (Line Drive, 5D)
Doug Thompson to third
Batting: LHB Andrew Alvarado 0-0: Ball
1-0: Ball
2-0: Ball
3-0: Base on Balls
Batting: SHB Chris Bennis 0-0: Foul Ball, location: 2F
0-1: Foul Ball, location: 2F
0-2: Strikes out swinging
Batting: LHB Don Ramey 0-0: Called Strike
0-1: Ball
1-1: Swinging Strike
1-2: Ball
2-2: Ball
3-2: Ground out 4-3 (Groundball, 4M)
Doug Thompson scores
Howard Parker to third
Andrew Alvarado to second
Batting: RHB José Hernández 0-0: Ball
1-0: Fly out, F7 (Flyball, 7D)
Top of the 1st over - 1 run(s), 1 hit(s), 1 error(s), 2 left on base; Nassau 1 - Niagara Falls 0
BOTTOM OF THE 1ST
Niagara Falls Frenzy batting - Pitching for Nassau Rockets : RHP Valentín Luna
Pitching: RHP Valentín Luna
Batting: SHB Martín De Jesús 0-0: Ball
1-0: Called Strike
1-1: Bunt for hit - play at first, batter safe!
Batting: RHB Ángel Hinojosa 0-0: Ball
1-0: Ball
2-0: Ball
3-0: Foul Ball, location: 2F
3-1: Swinging Strike
3-2: Strikes out swinging
Batting: RHB Keitaro Suzuki 0-0: Ball
1-0: Called Strike
1-1: Called Strike
Martín De Jesús is caught stealing 2nd base
1-2: Fly out, F9 (Flyball, 9D)
Bottom of the 1st over - 0 run(s), 1 hit(s), 0 error(s), 0 left on base; Nassau 1 - Niagara Falls 0
TOP OF THE 2ND
Nassau Rockets batting - Pitching for Niagara Falls Frenzy : RHP Étienne Garcia
Batting: RHB Yaichiro Sugahara 0-0: Ball
1-0: SINGLE (Groundball, 6MD)
Batting: LHB Rafael Delgado 0-0: Called Strike
0-1: Ball
1-1: Foul Ball, location: 2F
1-2: Ball
2-2: Strikes out swinging
Batting: RHB Pete Harvey 0-0: Called Strike
0-1: Ball
1-1: Called Strike
1-2: Strikes out looking
Batting: LHB Doug Thompson 0-0: Ball
1-0: Ball
2-0: SINGLE (Groundball, 4MD)
Yaichiro Sugahara to second
Runner from 2nd tries for 3rd, SAFE after rundown.
Batting: SHB Howard Parker 0-0: Ball
1-0: Foul Ball, location: 2F
1-1: Ball
Wild Pitch!
Yaichiro Sugahara scores
Doug Thompson to second
2-1: Foul Ball, location: 2F
2-2: Ball
3-2: Ground out 5-3 (Groundball, 56S)
Top of the 2nd over - 1 run(s), 2 hit(s), 0 error(s), 1 left on base; Nassau 2 - Niagara Falls 0
BOTTOM OF THE 2ND
Niagara Falls Frenzy batting - Pitching for Nassau Rockets : RHP Valentín Luna
Batting: LHB Dante Owens 0-0: Ball
1-0: Ball
2-0: Ground out 4-3 (Groundball, 4M)
Batting: RHB Lawrence Schroeder 0-0: Called Strike
0-1: Ball
1-1: Ball
2-1: Ball
3-1: Ground out 6-3 (Groundball, 6)
Batting: LHB Bill Hall 0-0: Ball
1-0: Called Strike
1-1: Ball
2-1: Called Strike
2-2: Foul Ball, location: 2F
2-2: Ground out 4-3 (Groundball, 4)
Bottom of the 2nd over - 0 run(s), 0 hit(s), 0 error(s), 0 left on base; Nassau 2 - Niagara Falls 0
TOP OF THE 3RD
Nassau Rockets batting - Pitching for Niagara Falls Frenzy : RHP Étienne Garcia
Batting: LHB Andrew Alvarado 0-0: Called Strike
0-1: Foul Ball, location: 2F
0-2: Ball
1-2: Ball
2-2: Ball
3-2: Strikes out swinging
Batting: SHB Chris Bennis 0-0: Called Strike
0-1: Ball
1-1: Ground out 6-3 (Groundball, 6)
Batting: LHB Don Ramey 0-0: Ball
1-0: Called Strike
1-1: Ball
2-1: SINGLE (Line Drive, 34)
Batting: RHB José Hernández 0-0: Swinging Strike
0-1: Swinging Strike
0-2: Fly out, F8 (Flyball, 8LD)
Top of the 3rd over - 0 run(s), 1 hit(s), 0 error(s), 1 left on base; Nassau 2 - Niagara Falls 0
BOTTOM OF THE 3RD
Niagara Falls Frenzy batting - Pitching for Nassau Rockets : RHP Valentín Luna
Batting: RHB Gerald Burnett 0-0: Ball
1-0: Called Strike
1-1: Foul Ball, location: 2F
1-2: Fly out, F9 (Flyball, 89S)
Batting: RHB Jung-ha Kim 0-0: Swinging Strike
0-1: Called Strike
0-2: Ball
1-2: Strikes out looking
Batting: RHB Santiago Zambrano 0-0: Called Strike
0-1: Ball
1-1: Called Strike
1-2: Ball
2-2: Strikes out swinging
Bottom of the 3rd over - 0 run(s), 0 hit(s), 0 error(s), 0 left on base; Nassau 2 - Niagara Falls 0
TOP OF THE 4TH
Nassau Rockets batting - Pitching for Niagara Falls Frenzy : RHP Étienne Garcia
Batting: RHB Yaichiro Sugahara 0-0: Foul Ball, location: 2F
0-1: Called Strike
0-2: Ball
1-2: Ground out 4-3 (Groundball, 4M)
Batting: LHB Rafael Delgado 0-0: Foul Ball, location: 2F
0-1: Ball
1-1: Swinging Strike
1-2: Strikes out swinging
Batting: RHB Pete Harvey 0-0: Ground out 6-3 (Groundball, 6M)
Top of the 4th over - 0 run(s), 0 hit(s), 0 error(s), 0 left on base; Nassau 2 - Niagara Falls 0
BOTTOM OF THE 4TH
Niagara Falls Frenzy batting - Pitching for Nassau Rockets : RHP Valentín Luna
Batting: SHB Martín De Jesús 0-0: Called Strike
0-1: Foul Ball, location: 2F
0-2: SINGLE (Line Drive, 8LS)
Batting: RHB Ángel Hinojosa 0-0: Foul Ball, location: 2F
0-1: Ball
1-1: Swinging Strike
1-2: Fly out, F9 (Flyball, 89D)
Batting: RHB Keitaro Suzuki 0-0: Ball
1-0: Ball
2-0: Foul Ball, location: 2F
2-1: Foul Ball, location: 2F
2-2: Strikes out swinging
Batting: LHB Dante Owens 0-0: Ball
Wild Pitch!
Martín De Jesús to second
1-0: Called Strike
1-1: Ball
2-1: Ball
3-1: Foul Ball, location: 2F
3-2: Foul Ball, location: 2F
3-2: Foul Ball, location: 2F
3-2: Base on Balls
Batting: RHB Lawrence Schroeder 0-0: Ball
1-0: Foul Ball, location: 2F
1-1: Swinging Strike
1-2: Foul Ball, location: 2F
1-2: Strikes out looking
Bottom of the 4th over - 0 run(s), 1 hit(s), 0 error(s), 2 left on base; Nassau 2 - Niagara Falls 0
TOP OF THE 5TH
Nassau Rockets batting - Pitching for Niagara Falls Frenzy : RHP Étienne Garcia
Batting: LHB Doug Thompson 0-0: Ball
1-0: Foul Ball, location: 2F
1-1: Ball
2-1: Swinging Strike
2-2: Ball
3-2: Strikes out looking
Batting: SHB Howard Parker 0-0: Foul Ball, location: 2F
0-1: Called Strike
0-2: Ball
1-2: Ground out 6-3 (Groundball, 6)
Batting: LHB Andrew Alvarado 0-0: Called Strike
0-1: Called Strike
0-2: Ball
1-2: Strikes out swinging
Top of the 5th over - 0 run(s), 0 hit(s), 0 error(s), 0 left on base; Nassau 2 - Niagara Falls 0
BOTTOM OF THE 5TH
Niagara Falls Frenzy batting - Pitching for Nassau Rockets : RHP Valentín Luna
Batting: LHB Bill Hall 0-0: Foul Ball, location: 2F
0-1: Swinging Strike
0-2: Fly out, F8 (Flyball, 89D)
Batting: RHB Gerald Burnett 0-0: Swinging Strike
0-1: Ground out 5-3 (Groundball, 56)
Batting: RHB Jung-ha Kim 0-0: Ball
1-0: Ball
2-0: SINGLE (Line Drive, 56D)
Batting: RHB Santiago Zambrano 0-0: Ball
1-0: Ball
2-0: Ball
3-0: Ground out U3 (Groundball, 3)
Bottom of the 5th over - 0 run(s), 1 hit(s), 0 error(s), 1 left on base; Nassau 2 - Niagara Falls 0
TOP OF THE 6TH
Nassau Rockets batting - Pitching for Niagara Falls Frenzy : RHP Étienne Garcia
Batting: SHB Chris Bennis 0-0: Ball
1-0: Ball
2-0: Foul Ball, location: 2F
2-1: Ball
3-1: Called Strike
3-2: Ground out 4-3 (Groundball, 4)
Batting: LHB Don Ramey 0-0: Ball
1-0: Ball
2-0: Foul Ball, location: 2F
2-1: Foul Ball, location: 2F
2-2: Fly out, F7 (Flyball, 7S)
Batting: RHB José Hernández 0-0: Called Strike
0-1: Foul Ball, location: 2F
0-2: Strikes out swinging
Top of the 6th over - 0 run(s), 0 hit(s), 0 error(s), 0 left on base; Nassau 2 - Niagara Falls 0
BOTTOM OF THE 6TH
Niagara Falls Frenzy batting - Pitching for Nassau Rockets : RHP Valentín Luna
Batting: SHB Martín De Jesús 0-0: SOLO HOME RUN (Flyball, 7D), Distance : 393 ft
Batting: RHB Ángel Hinojosa 0-0: Ground out 5-3 (Groundball, 56)
Batting: RHB Keitaro Suzuki 0-0: Called Strike
0-1: Fly out, F9 (Flyball, 9D)
Batting: LHB Dante Owens 0-0: Ball
1-0: Foul Ball, location: 2F
1-1: Foul Ball, location: 2F
1-2: Fly out, F7 (Flyball, 78S)
Bottom of the 6th over - 1 run(s), 1 hit(s), 0 error(s), 0 left on base; Nassau 2 - Niagara Falls 1
TOP OF THE 7TH
Nassau Rockets batting - Pitching for Niagara Falls Frenzy : RHP Étienne Garcia
Pitching: RHP Kimitada Takai
Batting: RHB Yaichiro Sugahara 0-0: Ball
1-0: Fly out, F7 (Line Drive, 7M)
Batting: LHB Rafael Delgado 0-0: Ball
1-0: Foul Ball, location: 2F
1-1: Ball
2-1: Ball
3-1: Base on Balls
Pinch Hitting: LHB Bob Martin 0-0: Ground out 3-1 (Groundball, 34S)
Rafael Delgado to second
Batting: LHB Doug Thompson 0-0: Ball
1-0: Ball
2-0: Called Strike
2-1: Ball
3-1: Base on Balls
Batting: SHB Howard Parker 0-0: Swinging Strike
0-1: Swinging Strike
0-2: Ball
1-2: Ball
2-2: Ball
3-2: Fly out, F8 (Flyball, 78D)
Top of the 7th over - 0 run(s), 0 hit(s), 0 error(s), 2 left on base; Nassau 2 - Niagara Falls 1
BOTTOM OF THE 7TH
Niagara Falls Frenzy batting - Pitching for Nassau Rockets : RHP Valentín Luna
Now at 3B: Bob Martin
Batting: RHB Lawrence Schroeder 0-0: Ball
1-0: Fly out, F9 (Flyball, 9M)
Batting: LHB Bill Hall 0-0: Ball
1-0: Foul Ball, location: 2F
1-1: Ball
2-1: DOUBLE (Flyball, 89XD)
Batting: RHB Gerald Burnett 0-0: 2-RUN HOME RUN (Flyball, 78XD), Distance : 388 ft
Batting: RHB Jung-ha Kim 0-0: Foul Ball, location: 2F
0-1: Foul Ball, location: 2F
0-2: Ball
1-2: Strikes out swinging
Batting: RHB Santiago Zambrano 0-0: Called Strike
0-1: SINGLE (Flyball, 9S)
Batting: SHB Martín De Jesús 0-0: Ball
1-0: Swinging Strike
1-1: Ball
2-1: Called Strike
2-2: Fly out, F5 (Popup, 5F)
Bottom of the 7th over - 2 run(s), 3 hit(s), 0 error(s), 1 left on base; Nassau 2 - Niagara Falls 3
TOP OF THE 8TH
Nassau Rockets batting - Pitching for Niagara Falls Frenzy : RHP Kimitada Takai
Pitching: RHP Luis López
Batting: LHB Andrew Alvarado 0-0: Called Strike
0-1: Foul Ball, location: 2F
0-2: Ball
1-2: Fly out, F8 (Flyball, 8LM)
Pitching: LHP António Bueno
Batting: SHB Chris Bennis 0-0: Ball
1-0: Foul Ball, location: 2F
1-1: Foul Ball, location: 2F
1-2: Ball
2-2: Strikes out swinging
Batting: LHB Don Ramey 0-0: Ball
1-0: Ball
2-0: Ball
3-0: Foul Ball, location: 2F
3-1: Foul Ball, location: 2F
3-2: Strikes out swinging
Top of the 8th over - 0 run(s), 0 hit(s), 0 error(s), 0 left on base; Nassau 2 - Niagara Falls 3
BOTTOM OF THE 8TH
Niagara Falls Frenzy batting - Pitching for Nassau Rockets : RHP Valentín Luna
Pitching: RHP Juan Franco
Batting: RHB Ángel Hinojosa 0-0: Ball
1-0: Called Strike
1-1: Swinging Strike
1-2: Strikes out swinging
Batting: RHB Keitaro Suzuki 0-0: Ball
1-0: Swinging Strike
1-1: Ball
2-1: Swinging Strike
2-2: Foul Ball, location: 2F
2-2: Foul Ball, location: 2F
2-2: Foul Ball, location: 2F
2-2: SOLO HOME RUN (Line Drive, 7D), Distance : 381 ft
Batting: LHB Dante Owens 0-0: Called Strike
0-1: Foul Ball, location: 2F
0-2: Ball
1-2: SINGLE (Line Drive, 3D)
Batting: RHB Lawrence Schroeder 0-0: Fly out, F6 (Popup, 6)
Pitching: LHP Kai-ge Hui
Batting: LHB Bill Hall 0-0: Ball
Wild Pitch!
Dante Owens to second
1-0: Swinging Strike
1-1: Ball
2-1: 2-RUN HOME RUN (Flyball, 89XD), Distance : 415 ft
Pitching: RHP Terry Adams
Batting: RHB Gerald Burnett 0-0: Foul Ball, location: 2F
0-1: Ball
1-1: Ground out 6-3 (Groundball, 6)
Bottom of the 8th over - 3 run(s), 3 hit(s), 0 error(s), 0 left on base; Nassau 2 - Niagara Falls 6
TOP OF THE 9TH
Nassau Rockets batting - Pitching for Niagara Falls Frenzy : LHP António Bueno
Batting: RHB José Hernández 0-0: Ball
1-0: Called Strike
1-1: Ball
2-1: Ball
3-1: Fly out, F8 (Flyball, 8RD)
Batting: RHB Yaichiro Sugahara 0-0: Ball
1-0: Fly out, F7 (Flyball, 7M)
Batting: LHB Rafael Delgado 0-0: Called Strike
0-1: Ball
1-1: Ground out 4-3 (Groundball, 4)
Top of the 9th over - 0 run(s), 0 hit(s), 0 error(s), 0 left on base; Nassau 2 - Niagara Falls 6
Monday, December 5th, 2016 - OOTP Baseball 17.12 Build 75